 Dungeon Crawl Stone Soup version bcrawl-1.17.3 (webtiles) character file.

Game seed: 6495317430725282841

59022 Anmu the Eclecticist (level 14, -3/76 HPs)
             Began as a Fairy Conjurer on Oct 6, 2019.
             Was a High Priest of Sif Muna.
             Killed by divine providence
             ... invoked by an orc high priest
              (14 damage)
             ... in the Orcish Mines on Oct 19, 2019.
             The game lasted 01:07:09 (19633 turns).

Anmu the Eclecticist (Fairy Conjurer)              Turns: 19633, Time: 01:07:10

Health: -3/76      AC: 15    Str:  6    XL:     14   Next: 93%
Magic:  24/50      EV: 31    Int: 25    God:    Sif Muna [*****.]
Gold:   1631       SH: 11    Dex: 18    Spells: 23/48 levels left

rFire    . . .     SeeInvis +   G - +5 long sword of the Middle {slice, Dex+4}
rCold    . . .     Gourm    .   (shield restricted)
rNeg     + . .     Faith    .   (armour unavailable)
rPois    .         Spirit   .   b - +2 hat
rElec    .         Reflect  +   k - +1 cloak
rCorr    .         Harm     .   L - +0 pair of gloves
MR       +....     Rnd*Rage +   o - +2 pair of boots
Stlth    ++........             u - +4 amulet of reflection
HPRegen  0.22/turn              d - ring of positive energy
MPRegen  0.32/turn              Q - ring of magical power

@: flying evasively
A: small, magic attunement, unstealthy, unfitting armour, see invisible, berserk
1, clever 1, high mp 1, able to fly, AC/SH +7
a: Stop Flying, Divine Energy, Channel Magic, Forget Spell, Renounce Religion


You were in the Orcish Mines.
You worshipped Sif Muna.
Sif Muna was extremely pleased with you.
You were not hungry.

You visited 4 branches of the dungeon, and saw 19 of its levels.

You collected 1818 gold pieces.
You spent 187 gold pieces at shops.

Inventory:

Hand Weapons
 G - the +5 long sword of the Middle (weapon) {slice, Dex+4}
   (You found it on level 8 of the Dungeon)

   It inflicts extra damage upon your enemies.
   It affects your dexterity (+4).
 R - the +6 spear of Termination {pierce, +Inv}
   (You found it on level 4 of the Lair of Beasts)

   It inflicts extra damage upon your enemies.
   It lets you turn invisible.
Missiles
 S - 4 throwing nets (quivered) {!f}
Armour
 b - a +2 hat (worn)
 k - a +1 cloak (worn)
 o - a +2 pair of boots (worn)
 L - a +0 pair of gloves (worn)
Magical Staves
 z - an uncursed staff of cold
Jewellery
 d - a ring of positive energy (left hand)
 g - a +1 ring of protection
 p - an uncursed ring of positive energy
 u - a +4 amulet of reflection (around neck)
 v - an uncursed ring of poison resistance
 D - an uncursed ring of insulation
 K - an uncursed ring of protection from magic
 O - an uncursed amulet of regeneration
 P - a cursed ring of teleportation {unknown}
 Q - a ring of magical power (right hand)
 Y - an uncursed ring of magical power
Wands
 q - a wand of random effects (7)
 s - a wand of scattershot (10)
 t - a wand of polymorph (11)
 B - a wand of flame (67)
 F - a wand of acid (21)
 H - a wand of clouds (8)
 N - a wand of enslavement (18)
 T - a wand of iceblast (9)
 V - a wand of digging (14)
Scrolls
 f - 4 scrolls of amnesia
 i - a scroll of enchant weapon
 l - 12 scrolls of identify
 m - a scroll of immolation
 n - 10 scrolls of teleportation
 x - 3 scrolls of fog
 y - 6 scrolls of remove curse
 E - 2 scrolls of enchant armour
 I - a scroll of magic mapping
 M - 2 scrolls of fear
Potions
 a - 4 potions of mutation
 e - 4 potions of curing
 h - a potion of lignification
 j - 5 potions of berserk rage
 r - 4 potions of haste
 w - 4 potions of ambrosia
 A - 5 potions of agility
 C - 2 potions of might
 J - 2 potions of heal wounds
 U - a potion of brilliance
Miscellaneous
 W - a lamp of fire
Comestibles
 c - 33 rations {!d}


   Skills:
 * Level 15.0 Dodging
 + Level 3.6 Stealth
 + Level 17.7 Spellcasting
 + Level 17.2 Conjurations
 + Level 5.5 Charms
 + Level 2.5 Summonings
 + Level 0.7 Necromancy
 + Level 1.5 Fire Magic
 + Level 2.1 Evocations


You had 23 spell levels left.
You knew the following spells:

 Your Spells              Type           Power        Failure   Level  Hunger
a - Magic Dart            Conj           ####         0%          1    None
b - Iskenderun's Mystic   Conj           #######.     0%          3    None
c - Iskenderun's Battles  Conj/Chrm      ######..     1%          5    None
d - Summon Butterflies    Summ           ####....     1%          1    None
e - Regeneration          Chrm/Necr      #####.....   1%          3    None
f - Orb of Destruction    Conj           #######...   1%          7    None
g - Fireball              Conj/Fire      ######....   1%          5    None

Your spell library contained the following spells:

 Spells                   Type           Power        Failure   Level  Hunger
 Searing Ray              Conj           ######       0%          2    None
 Flame Tongue             Conj/Fire      #####        1%          1    None
 Infusion                 Chrm           #####...     1%          1    None
 Shock                    Conj/Air       #####        1%          1    None
 Sting                    Conj/Pois      ####         1%          1    None
 Flaming Arrows           Chrm/Fire      #####...     1%          2    None
 Swiftness                Chrm/Air       #####...     1%          2    None
 Throw Frost              Conj/Ice       ######       1%          2    None
 Conjure Flame            Conj/Fire      ######..     1%          3    None
 Mephitic Cloud           Conj/Pois/Air  ######..     1%          3    None
 Fulminant Prism          Conj/Hex       ######....   1%          4    None
 Sticky Flame             Conj/Fire      ######..     1%          4    None
 Throw Icicle             Conj/Ice       ######..     1%          4    None
 Irradiate                Conj/Tmut      ######....   1%          5    None
 Lightning Bolt           Conj/Air       ######....   1%          5    None
 Venom Bolt               Conj/Pois      ######....   1%          5    None
 Apportation              Tloc           ###...       2%          1    None
 Beastly Appendage        Tmut           ###...       2%          1    None
 Sandblast                Erth           ###...       2%          1    None
 Slow                     Hex            ###.....     2%          1    None
 Poisonous Vapours        Pois/Air       ###...       3%          2    None
 Sticks to Snakes         Tmut           ###.....     3%          2    None
 Inner Flame              Hex/Fire       N/A          4%          3    None
 Recall                   Summ/Tloc      N/A          4%          3    None
 Ignite Poison            Fire/Tmut/Pois ###.....     5%          3    None
 Beckoning                Tloc           ###.......   7%          3    None
 Portal Projectile        Tloc           ###...       7%          3    None
 Spider Form              Tmut/Pois      ###          7%          3    None
 Static Discharge         Air            ###.....     7%          3    None
 Bolt of Fire             Conj/Fire      ######....   8%          6    None
 Conjure Ball Lightning   Conj/Air       ######....   10%         6    None
 Iron Shot                Conj/Erth      ######....   10%         6    None
 Poison Arrow             Conj/Pois      ######....   10%         6    None
 Summon Scorpions         Summ/Pois      ####....     13%         4    None
 Animate Dead             Necr           N/A          17%         4    None
 Airstrike                Air            ###.......   22%         4    None
 Ice Form                 Ice/Tmut       ###.....     22%         4    None
 Olgreb's Toxic Radiance  Pois           ###.....     22%         4    None
 Petrify                  Tmut/Erth      ###.....     22%         4    None
 Spellforged Servitor     Conj/Summ      ######....   32%         7    None
 Icicle Burst             Conj/Ice       ######....   50%         7    None
 Alistair's Intoxication  Tmut/Pois      ###.....     52%         5    None
 Blade Hands              Tmut           ###.......   52%         5    None
 Lee's Rapid Deconstruct  Erth           ###.......   52%         5    None
 Metabolic Englaciation   Hex/Ice        ###.......   52%         5    None
 Steam Barrier            Chrm/Fire      #####.....   63%         6    None
 Death Channel            Chrm/Necr      #####.....   67%         6    None
 Borgnjor's Vile Clutch   Necr/Erth      ###.......   96%         6    None
 Simulacrum               Ice/Necr       ###.......   96%         6    None
 Freezing Cloud           Ice/Air        ###.......   98%         6    None
 Haunt                    Necr/Summ      ####......   100%        7    None
 Glaciate                 Conj/Ice/Air   ######....   100%        8    None
 Necromutation            Tmut/Necr      ###.....     100%        8    None


Dungeon Overview and Level Annotations

Branches:
Dungeon (11/12)            Temple (1/1) D:5            Lair (6/6) D:7
 Shoals (0/3) Lair:2        Snake (0/3) Lair:3        Slime (0/5) Lair:6
    Orc (1/1) D:11         Vaults (0/3) D:11
    Elf: Orc:1

Altars:
Ashenzari
Cheibriados
Dithmenos
Elyvilon
Fedhas
Gozag
Hepliaklqana
Kikubaaqudgha
Lugonu
Makhleb
Nemelex Xobeh
Okawaru
Qazlal
Ru
Sif Muna
Trog
Uskayaw
Vehumet
Wu Jian
Xom
Yredelemnul
Zin
The Shining One

Shops:
D:4 }*   D:10 (

Annotations:
Orc 1 exclusion


Innate Abilities, Weirdness & Mutations

Your spells do not cause hunger and MP costs are reduced by 1.
Your bright wings attract enemies. (Stealth-)
You cannot fit into any form of body armour.
Your shimmering scales are hard and can block incoming attacks. (AC +7, SH +7)
You are small and have problems with some larger weapons.
You can fly continuously.
You have supernaturally acute eyesight. (SInv)
You tend to lose your temper in combat.
Your mind is acute. (Int +2)
You have an increased reservoir of magic. (+10% MP)


Message History

Casting: Summon Butterflies (safe; 1% risk of failure)
Confirm with . or Enter, or press ? or * to list all spells.
The warg completely misses you.
An orc priest comes into view.
It is wielding a +0 short sword and wearing a +1 ring mail of cold resistance.
The orc priest mumbles some strange prayers to Beogh against you.
Your butterfly writhes in agony!
Your butterfly dies!
The orc high priest says, "You will make a fine sacrifice."
The orc priest mumbles some strange prayers to Beogh against you.
Beogh smites you!
* * * LOW HITPOINT WARNING * * *
You block the warg's attack.
The orc priest calls upon Beogh to heal the orc priest.
The orc priest's wounds heal themselves!
The warg closely misses your butterfly.
The rust devil closely misses your butterfly.
The orc priest completely misses your butterfly.
The orc high priest mumbles some strange prayers to Beogh against you.
Beogh smites you!
You die...

.$...#......##.## ##
...........#....##..#
##...................
##.#.................#
###..................##########
##...................## #..3oo3.
#.................#.### #.ho..oo
#..............)...##.###..#####
#............†<@h.bb4o.##..#
#................b.bb.o.#.o#
##...............b..ho..)..#
#.....$.............oo....###+
##.............(.#....oo......o
#.....................#...###'#
#............##............#
##.............#........#..#
...#.........#..b.......#


You could see an orc high priest, a rust devil, 2 wargs, 2 orc priests and 2
orcs.

Vanquished Creatures
  Gastronok (D:9)
  Jorgrun (D:11)
  Kirke (D:10)
  An ettin (D:11)
  A vault guard (D:11)
  Harold (Lair:3)
  5 hydras
  2 catoblepae
  4 two-headed ogres
  An alligator (Lair:6)
  A lindwurm (Lair:4)
  2 cyclopes
  A deep elf mage (D:10)
  Pikel (D:7)
  A manticore (D:11)
  An orc knight (D:11)
  2 oklob plants (Lair:6)
  4 centaur zombies
  14 cane toads
  4 black mambas
  2 gargoyles
  2 molten gargoyles (Lair:3)
  A rime drake (Lair:6)
  9 komodo dragons
  3 trolls
  5 polar bears (Lair:6)
  16 blink frogs
  8 hornets (Lair:6)
  9 hippogriffs
  16 spriggans (Lair:6)
  6 hogs (D:11)
  2 wyverns
  35 yaks
  4 hungry ghosts
  2 basilisks (Lair:3)
  Menkaure (D:7)
  2 wargs (Orc)
  An acid dragon (D:10)
  A naga (Lair:3)
  4 porcupines
  9 water moccasins
  5 sky beasts
  3 black bears
  5 ice beasts
  3 orc warriors
  A slave (D:7)
  2 necrophages
  10 ogres
  3 boggarts (Lair:6)
  A centaur (D:6)
  19 wolves
  14 crocodiles
  16 bullfrogs
  3 big kobolds
  3 scorpions
  4 killer bees (D:10)
  5 wights (D:7)
  3 howler monkeys
  A jelly (D:9)
  5 lava snakes (Lair:3)
  10 hounds
  5 crimson imps
  2 bullfrog skeletons
  11 orc priests
  Crazy Yiuf (D:2)
  2 centaur skeletons
  2 iguanas
  9 orc wizards
  2 worker ants
  6 hell rats (Lair:5)
  2 killer bee zombies
  A hound zombie (D:7)
  A hound skeleton (D:7)
  2 worker ant zombies
  3 gnolls (D:7)
  5 adders
  5 shadow imps
  2 oozes
  An adder skeleton (D:4)
  3 worms
  2 dart slugs (D:3)
  7 leopard geckos
  42 orcs
  3 bats
  8 giant cockroaches
  7 goblins
  9 hobgoblins
  11 jackals
  A quokka (D:3)
  5 frilled lizards
  15 kobolds
  7 rats
  A fungus (Lair:5)
486 creatures vanquished.

Vanquished Creatures (others)
  A cyclops (D:11)
  A centaur (D:8)
  8 fungi
  7 plants
17 creatures vanquished.

Grand Total: 503 creatures vanquished

Notes
Turn   | Place    | Note
-------+----------+-------------------------------------------
     0 | D:1      | Anmu the Fairy Conjurer began the quest for the Orb.
     0 | D:1      | Reached XP level 1. HP: 11/11 MP: 6/6
    94 | D:1      | Reached skill level 5 in Conjurations
   114 | D:1      | Reached XP level 2. HP: 17/17 MP: 7/7
   332 | D:1      | Reached XP level 3. HP: 21/21 MP: 9/9
   351 | D:1      | Learned a level 3 spell: Iskenderun's Mystic Blast
   447 | D:1      | Gained mutation: You have supernaturally acute eyesight.
                  | (SInv) [potion of mutation]
   447 | D:1      | Gained mutation: You are robust. (+10% HP) [potion of
                  | mutation]
   447 | D:1      | Gained mutation: You are very robust. (+20% HP) [potion of
                  | mutation]
   761 | D:2      | Found a runed door.
   765 | D:2      | Noticed Crazy Yiuf
   776 | D:2      | Paralysed by Crazy Yiuf for 2 turns
   781 | D:2      | Paralysed by Crazy Yiuf for 2 turns
   785 | D:2      | Killed Crazy Yiuf
   785 | D:2      | Reached XP level 4. HP: 18/32 MP: 0/11
  1332 | D:2      | Lost mutation: You are very robust. (+20% HP) [potion of
                  | mutation]
  1332 | D:2      | Lost mutation: You are robust. (+10% HP) [potion of
                  | mutation]
  1332 | D:2      | Gained mutation: You have an increased reservoir of magic.
                  | (+10% MP) [potion of mutation]
  1332 | D:2      | Gained mutation: You tend to lose your temper in combat.
                  | [potion of mutation]
  1332 | D:2      | Gained mutation: Your mind is acute. (Int +2) [potion of
                  | mutation]
  1508 | D:3      | Found a shadowy altar of Dithmenos.
  1810 | D:3      | Reached XP level 5. HP: 31/31 MP: 13/13
  2167 | D:4      | Found Likoulon's Assorted Antiques.
  2170 | D:4      | Bought a pair of glowing boots for 187 gold pieces
  2300 | D:4      | Reached XP level 6. HP: 36/36 MP: 6/16
  2571 | D:4      | Reached skill level 5 in Spellcasting
  2781 | D:4      | Found Liolynt's Gadget Emporium.
  2890 | D:4      | Found a sparkling altar of Nemelex Xobeh.
  2891 | D:4      | Found an opulent altar of Gozag.
  3128 | D:5      | Entered Level 5 of the Dungeon
  3139 | D:5      | Found a shadowy altar of Dithmenos.
  3166 | D:5      | Reached XP level 7. HP: 41/41 MP: 14/18
  3265 | D:5      | Reached skill level 5 in Dodging
  3386 | D:5      | Found a sacrificial altar of Ru.
  3525 | D:5      | Reached XP level 8. HP: 40/46 MP: 10/21
  3588 | D:5      | Found a staircase to the Ecumenical Temple.
  3602 | Temple   | Entered the Ecumenical Temple
  3713 | Temple   | Became a worshipper of Sif Muna the Loreminder
  3980 | D:5      | Got a brightly glowing flail
  3981 | D:5      | Identified the +9 flail "Vinn" {crush, rF- Dex+3} (You
                  | found it on level 5 of the Dungeon)
  4004 | D:5      | Found a shimmering altar of Xom.
  4411 | D:6      | Reached * piety under Sif Muna
  4680 | D:6      | Noticed a hippogriff
  4687 | D:6      | Killed a hippogriff
  4687 | D:6      | Reached XP level 9. HP: 37/51 MP: 11/25
  5009 | D:6      | Found a white marble altar of Elyvilon.
  5012 | D:6      | Found a basalt altar of Yredelemnul.
  5015 | D:6      | Found a burning altar of Makhleb.
  5152 | D:7      | Noticed Pikel
  5157 | D:7      | Killed Pikel
  5157 | D:7      | Reached ** piety under Sif Muna
  5157 | D:7      | Reached skill level 10 in Conjurations
  5219 | D:7      | Noticed Menkaure
  5220 | D:7      | Identified Sif Muna's Handbook of Conjuration and the
                  | Mountains (Sif Muna gifted it to you on level 7 of the
                  | Dungeon)
  5220 | D:7      | Received a gift from Sif Muna
  5233 | D:7      | Killed Menkaure
  5242 | D:7      | Learned a level 5 spell: Iskenderun's Battlesphere
  5440 | D:7      | Reached skill level 10 in Spellcasting
  5757 | D:7      | Found a shattered altar of Ashenzari.
  6067 | D:7      | Found a blossoming altar of Fedhas.
  6150 | D:7      | Reached XP level 10. HP: 56/56 MP: 24/29
  6232 | D:7      | Found a staircase to the Lair.
  7005 | D:8      | Got a translucent long sword
  7016 | D:8      | Found a basalt altar of Yredelemnul.
  7067 | D:8      | Reached *** piety under Sif Muna
  7289 | D:8      | Noticed a two-headed ogre
  7297 | D:8      | Killed a two-headed ogre
  7297 | D:8      | Identified Sif Muna's Tome of Mutagenic Toxins (Sif Muna
                  | gifted it to you on level 8 of the Dungeon)
  7297 | D:8      | Received a gift from Sif Muna
  7409 | D:8      | Reached skill level 1 in Charms
  7891 | D:9      | Reached XP level 11. HP: 61/61 MP: 22/31
  7894 | D:9      | Reached skill level 10 in Dodging
  7931 | D:9      | Noticed Gastronok
  7954 | D:9      | Killed Gastronok
  7954 | D:9      | Identified Sif Muna's Handbook of Snow and the Volcanoes
                  | (Sif Muna gifted it to you on level 9 of the Dungeon)
  7954 | D:9      | Received a gift from Sif Muna
  8289 | D:9      | Reached **** piety under Sif Muna
  8482 | D:10     | Entered Level 10 of the Dungeon
  8482 | D:10     | Noticed a two-headed ogre
  8487 | D:10     | Killed a two-headed ogre
  8540 | D:10     | Noticed a deep elf mage
  8544 | D:10     | Killed a deep elf mage
  8689 | D:10     | Noticed a two-headed ogre
  8693 | D:10     | Killed a two-headed ogre
  8758 | D:10     | Reached XP level 12. HP: 66/66 MP: 18/34
  8865 | D:10     | Noticed a two-headed ogre
  8873 | D:10     | Killed a two-headed ogre
  8931 | D:10     | Received a gift from Sif Muna
  8931 | D:10     | Identified the cursed +0 chain mail of Makhleb {rElec rPois
                  | Str+4 Dex+2}
  9092 | D:10     | Identified the +5 long sword of the Middle {slice, Dex+4}
                  | (You found it on level 8 of the Dungeon)
  9305 | D:10     | Found Nidull's Antique Weapon Boutique.
  9771 | D:11     | Found a staircase to the Orcish Mines.
  9865 | D:11     | Noticed Kirke
  9991 | D:10     | Killed Kirke
 10092 | D:11     | Identified Qedege's Papyrus of the Excruciating Glacier
                  | (Sif Muna gifted it to you on level 11 of the Dungeon)
 10092 | D:11     | Received a gift from Sif Muna
 10092 | D:11     | Reached skill level 1 in Evocations
 10102 | D:11     | Learned a level 7 spell: Orb of Destruction
 10315 | D:11     | Noticed an ettin
 10322 | D:11     | Noticed a vault guard
 10326 | D:11     | Killed an ettin
 10326 | D:11     | Reached skill level 15 in Conjurations
 10363 | D:11     | Reached skill level 15 in Spellcasting
 10363 | D:11     | Reached XP level 13. HP: 68/71 MP: 1/37
 10567 | D:11     | Killed a vault guard
 10693 | D:11     | Found a gate to the Vaults.
 10950 | Lair:1   | Entered Level 1 of the Lair of Beasts
 12215 | Lair:2   | Found a staircase to the Shoals.
 12973 | Lair:3   | Found a staircase to the Snake Pit.
 13408 | Lair:3   | Noticed Harold
 13411 | Lair:3   | Killed Harold
 13414 | Lair:3   | Identified Sif Muna's Catalogue of Evil and Battle Magic
                  | (Sif Muna gifted it to you on level 3 of the Lair of
                  | Beasts)
 13414 | Lair:3   | Received a gift from Sif Muna
 13427 | Lair:3   | Learned a level 3 spell: Regeneration
 14028 | Lair:4   | Reached skill level 5 in Charms
 14040 | Lair:4   | Got a warped spear
 14041 | Lair:4   | Identified the +6 spear of Termination {pierce, +Inv} (You
                  | found it on level 4 of the Lair of Beasts)
 14889 | Lair:4   | Reached ***** piety under Sif Muna
 15345 | Lair:5   | Reached XP level 14. HP: 76/76 MP: 39/39
 15356 | Lair:5   | Received a gift from Sif Muna
 15364 | Lair:5   | Learned a level 1 spell: Summon Butterflies
 15767 | Lair:6   | Entered Level 6 of the Lair of Beasts
 15774 | Lair:6   | Reached skill level 1 in Summonings
 16357 | Lair:6   | Identified Sif Muna's Papyrus of Contamination and the
                  | Compass (Sif Muna gifted it to you on level 6 of the Lair
                  | of Beasts)
 16357 | Lair:6   | Received a gift from Sif Muna
 17116 | Lair:6   | Found a staircase to the Slime Pits.
 17407 | Lair:6   | Learned a level 5 spell: Fireball
 18969 | Lair:6   | Upgraded the game from bcrawl-1.15.1-4-g77d781cab4 to
                  | bcrawl-1.17.3
 19218 | Orc      | Entered the Orcish Mines
 19226 | Orc      | Noticed Jorgrun
 19251 | D:11     | Killed Jorgrun
 19251 | D:11     | Reached skill level 15 in Dodging
 19251 | D:11     | Reached skill level 1 in Fire Magic
 19633 | Orc      | Killed from afar by an orc high priest

Skill      XL: |  1  2  3  4  5  6  7  8  9 10 11 12 13 14 |
---------------+-------------------------------------------+-----
Conjurations   | 5 6 7 8 9 11 12 13 15 16 17 | 17.2
Spellcasting   | 3 4 5 6 8 10 12 13 15 16 17 | 17.7
Dodging        | 3 4 5 7 8 9 11 12 14 15 | 15.0
Stealth        | 2 3 |  3.6
Charms         | 1 2 4 5 |  5.5
Evocations     | 1 2 |  2.1
Summonings     | 2 |  2.5
Fire Magic     | 1 |  1.5
Necromancy     | |  0.7

Action                   |  1- 3 |  4- 6 |  7- 9 | 10-12 | 13-15 || total
-------------------------+-------+-------+-------+-------+-------++-------
Melee: Unarmed           |     6 |       |       |     4 |       ||    10
       Staff             |       |       |       |     1 |       ||     1
       Long sword        |       |       |       |       |     1 ||     1
 Cast: Magic Dart        |    58 |    86 |   104 |   180 |   276 ||   704
       Iskenderun's Myst |     5 |    34 |    89 |   158 |   160 ||   446
       Iskenderun's Batt |       |       |     3 |    33 |    70 ||   106
       Orb of Destructio |       |       |       |     4 |    33 ||    37
       Regeneration      |       |       |       |       |     6 ||     6
       Summon Butterflie |       |       |       |       |    66 ||    66
       Fireball          |       |       |       |       |    54 ||    54
 Abil: Evoke Invisibilit |       |       |       |       |     1 ||     1
Evoke: Wand              |       |       |       |    10 |     1 ||    11
  Use: Potion            |     3 |     2 |     1 |     1 |     4 ||    11
       Scroll            |     3 |     8 |     4 |     3 |     5 ||    23
  Eat: Chunk             |       |     5 |     7 |     8 |    13 ||    33
       Ration            |       |     1 |       |     2 |     4 ||     7
Armor: Skin              |     6 |     3 |     6 |    16 |    11 ||    42
Dodge: Dodged            |     6 |     7 |    21 |    79 |    76 ||   189
Block: Other             |     4 |       |    13 |    54 |    53 ||   124
       Reflection        |       |       |     5 |     8 |     3 ||    16
